PIO (24 & UNDER)
CHULA VISTA TACOS @ JASPER COUGARS
04/28/2023
 
TOP OF THE 1ST
Chula Vista Tacos batting - Pitching for Jasper Cougars : LHP Lorenzo Sánchez
Pitching: LHP Lorenzo Sánchez
Batting: RHB Jorge Collazo 0-0: Ball
1-0: Foul Ball, location: 2F
1-1: Called Strike
1-2: Foul Ball, location: 2F
1-2: DOUBLE (Line Drive, 7LS)
Batting: RHB Doug Brown 0-0: Swinging Strike
0-1: Ball
1-1: Swinging Strike
1-2: Strikes out swinging
Batting: LHB Mario Olivares 0-0: Called Strike
0-1: Ball
1-1: Foul Ball, location: 2F
1-2: Strikes out swinging
Batting: RHB Scott Green 0-0: Ball
1-0: Swinging Strike
1-1: Swinging Strike
1-2: Ball
2-2: SINGLE (Line Drive, 56D)
Jorge Collazo to third
Runner from 3rd tries for Home, throw and OUT!
Top of the 1st over - 0 run(s), 2 hit(s), 0 error(s), 1 left on base; Chula Vista 0 - Jasper 0
BOTTOM OF THE 1ST
Jasper Cougars batting - Pitching for Chula Vista Tacos : RHP Enrique Sánchez
Pitching: RHP Enrique Sánchez
Batting: RHB Dave Parker 0-0: Ball
1-0: Swinging Strike
1-1: DOUBLE (Line Drive, 7LD)
Batting: RHB Manuel Pérez 0-0: Ball
1-0: Ball
2-0: Foul Ball, location: 2F
2-1: Swinging Strike
2-2: Strikes out swinging
Batting: RHB Earl Wiggins 0-0: 2-RUN HOME RUN (Flyball, 78XD), Distance : 396 ft
Batting: RHB Jesús Hernández 0-0: Ball
1-0: Ball
2-0: Called Strike
2-1: Ground out 1-3 (Groundball, 25)
Batting: SHB Ron Edwards 0-0: Called Strike
0-1: Ball
1-1: Ball
2-1: Ball
3-1: Called Strike
3-2: Foul Ball, location: 2F
3-2: Base on Balls
Batting: RHB Dan Hooper 0-0: Ball
1-0: Fielders Choice at 2nd, 6-4 (Groundball, 6)
Bottom of the 1st over - 2 run(s), 2 hit(s), 0 error(s), 0 left on base; Chula Vista 0 - Jasper 2
TOP OF THE 2ND
Chula Vista Tacos batting - Pitching for Jasper Cougars : LHP Lorenzo Sánchez
Batting: SHB Adrián Nieto 0-0: Ball
1-0: Foul Ball, location: 2F
1-1: Foul Ball, location: 2F
1-2: Strikes out swinging
Batting: SHB Brian Price 0-0: Ball
1-0: Called Strike
1-1: Ball
2-1: Called Strike
2-2: SINGLE (Groundball, 4MD)
Batting: RHB John Nelson 0-0: Ball
1-0: Called Strike
1-1: Foul Ball, location: 2F
1-2: Foul Ball, location: 2F
1-2: Foul Ball, location: 2F
1-2: Ground out 5-3 (Groundball, 56S)
Brian Price to second
Batting: RHB Luis Martínez 0-0: Called Strike
0-1: Called Strike
0-2: Ball
1-2: Fly out, F7 (Flyball, 78M)
Top of the 2nd over - 0 run(s), 1 hit(s), 0 error(s), 1 left on base; Chula Vista 0 - Jasper 2
BOTTOM OF THE 2ND
Jasper Cougars batting - Pitching for Chula Vista Tacos : RHP Enrique Sánchez
Batting: LHB Pepe Vázquez 0-0: Ground out 4-3 (Groundball, 4M)
Batting: RHB Juan Carlos 0-0: Ball
1-0: Swinging Strike
1-1: Called Strike
1-2: Strikes out looking
Batting: RHB Greg King 0-0: Swinging Strike
0-1: Called Strike
0-2: Ball
1-2: Ball
2-2: Foul Ball, location: 2F
2-2: Foul Ball, location: 2F
2-2: Strikes out swinging
Bottom of the 2nd over - 0 run(s), 0 hit(s), 0 error(s), 0 left on base; Chula Vista 0 - Jasper 2
TOP OF THE 3RD
Chula Vista Tacos batting - Pitching for Jasper Cougars : LHP Lorenzo Sánchez
Batting: RHB Tim Davis 0-0: Called Strike
0-1: Ball
1-1: Foul Ball, location: 2F
1-2: Ball
2-2: Strikes out looking
Batting: RHB Jorge Collazo 0-0: Foul Ball, location: 2F
0-1: Swinging Strike
0-2: Strikes out looking
Batting: RHB Doug Brown 0-0: Called Strike
0-1: Ball
1-1: Foul Ball, location: 2F
1-2: Ground out 5-3 (Groundball, 5S)
Top of the 3rd over - 0 run(s), 0 hit(s), 0 error(s), 0 left on base; Chula Vista 0 - Jasper 2
BOTTOM OF THE 3RD
Jasper Cougars batting - Pitching for Chula Vista Tacos : RHP Enrique Sánchez
Batting: RHB Dave Parker 0-0: Ball
1-0: Ball
2-0: Called Strike
2-1: Ground out 6-3 (Groundball, 6)
Batting: RHB Manuel Pérez 0-0: Ball
1-0: Foul Ball, location: 2F
1-1: SINGLE (Groundball, 56)
Batting: RHB Earl Wiggins 0-0: Foul Ball, location: 2F
0-1: Called Strike
0-2: Grounds into double play, 6-4-3 (Groundball, 6)
Bottom of the 3rd over - 0 run(s), 1 hit(s), 0 error(s), 0 left on base; Chula Vista 0 - Jasper 2
TOP OF THE 4TH
Chula Vista Tacos batting - Pitching for Jasper Cougars : LHP Lorenzo Sánchez
Batting: LHB Mario Olivares 0-0: Ball
1-0: Swinging Strike
1-1: Ball
2-1: Foul Ball, location: 2F
2-2: Ball
3-2: Reached on error, E5 (Groundball, 56S)
Batting: RHB Scott Green 0-0: Called Strike
0-1: Foul Ball, location: 2F
0-2: Foul Ball, location: 2F
0-2: Foul Ball, location: 2F
0-2: Fly out, F6 (Popup, 56)
Batting: SHB Adrián Nieto 0-0: Ball
1-0: SINGLE (Line Drive, 78M)
Mario Olivares to second
Batting: SHB Brian Price 0-0: Ball
Mario Olivares is caught stealing 3rd base
Adrián Nieto to second
1-0: Ground out 4-3 (Groundball, 4)
Top of the 4th over - 0 run(s), 1 hit(s), 1 error(s), 1 left on base; Chula Vista 0 - Jasper 2
BOTTOM OF THE 4TH
Jasper Cougars batting - Pitching for Chula Vista Tacos : RHP Enrique Sánchez
Batting: RHB Jesús Hernández 0-0: Foul Ball, location: 2F
0-1: Ball
1-1: Fly out, F7 (Flyball, 7LM)
Batting: SHB Ron Edwards 0-0: Called Strike
0-1: Foul Ball, location: 2F
0-2: Foul Ball, location: 2F
0-2: Ground out 1-3 (Groundball, 15S)
Batting: RHB Dan Hooper 0-0: Fly out, F4 (Popup, 4)
Bottom of the 4th over - 0 run(s), 0 hit(s), 0 error(s), 0 left on base; Chula Vista 0 - Jasper 2
TOP OF THE 5TH
Chula Vista Tacos batting - Pitching for Jasper Cougars : LHP Lorenzo Sánchez
Batting: RHB John Nelson 0-0: Foul Ball, location: 2F
0-1: Ball
1-1: Called Strike
1-2: Foul Ball, location: 2F
1-2: Strikes out swinging
Batting: RHB Luis Martínez 0-0: Ball
1-0: Ball
2-0: Called Strike
2-1: Ball
3-1: Foul Ball, location: 2F
3-2: Base on Balls
Batting: RHB Tim Davis 0-0: Called Strike
0-1: Ball
1-1: Ball
2-1: Swinging Strike
2-2: Strikes out swinging
Batting: RHB Jorge Collazo 0-0: Fly out, F8 (Line Drive, 8RM)
Top of the 5th over - 0 run(s), 0 hit(s), 0 error(s), 1 left on base; Chula Vista 0 - Jasper 2
BOTTOM OF THE 5TH
Jasper Cougars batting - Pitching for Chula Vista Tacos : RHP Enrique Sánchez
Batting: LHB Pepe Vázquez 0-0: Called Strike
0-1: Foul Ball, location: 2F
0-2: Ball
1-2: Strikes out swinging
Batting: RHB Juan Carlos 0-0: Ball
1-0: Fly out, F8 (Flyball, 8RS)
Batting: RHB Greg King 0-0: Called Strike
0-1: Ball
1-1: Ball
2-1: Called Strike
2-2: Foul Ball, location: 2F
2-2: SINGLE (Groundball, 6M)
Batting: RHB Dave Parker 0-0: Called Strike
0-1: Ball
Greg King steals 2nd base
1-1: Foul Ball, location: 2F
1-2: SINGLE (Groundball, 4M)
Greg King to third
Runner from 3rd tries for Home, SAFE, no throw or cutoff
Batting: RHB Manuel Pérez 0-0: Called Strike
0-1: Fly out, F7 (Flyball, 7M)
Bottom of the 5th over - 1 run(s), 2 hit(s), 0 error(s), 1 left on base; Chula Vista 0 - Jasper 3
TOP OF THE 6TH
Chula Vista Tacos batting - Pitching for Jasper Cougars : LHP Lorenzo Sánchez
Batting: RHB Doug Brown 0-0: SINGLE (Groundball, 56)
Batting: LHB Mario Olivares 0-0: Called Strike
0-1: SINGLE (Line Drive, 89S)
Doug Brown to second
Batting: RHB Scott Green 0-0: Ball
1-0: Fly out, F7 (Flyball, 7LD)
Runner from 2nd tags up, SAFE at 3rd, no throw
Pitching: RHP Brad White
Batting: SHB Adrián Nieto 0-0: Ball
1-0: Called Strike
1-1: Reached on error, E4 (Groundball, 4)
Doug Brown scores
Mario Olivares to second
Batting: SHB Brian Price 0-0: Called Strike
0-1: Grounds out, U3 (Groundball, 3L)
Mario Olivares to third
Batting: RHB John Nelson 0-0: Ball
1-0: Ball
2-0: Fly out, F4 (Popup, 4MD)
Top of the 6th over - 1 run(s), 2 hit(s), 1 error(s), 2 left on base; Chula Vista 1 - Jasper 3
BOTTOM OF THE 6TH
Jasper Cougars batting - Pitching for Chula Vista Tacos : RHP Enrique Sánchez
Batting: RHB Earl Wiggins 0-0: Ball
1-0: Called Strike
1-1: DOUBLE (Line Drive, 7LM)
Batting: RHB Jesús Hernández 0-0: Foul Ball, location: 2F
0-1: Hit by Pitch
Batting: SHB Ron Edwards 0-0: Ball
1-0: Foul Ball, location: 2F
1-1: Ball
2-1: DOUBLE (Line Drive, 9LM)
Earl Wiggins scores
Jesús Hernández to third
Batting: RHB Dan Hooper 0-0: Intentional Walk
Batting: LHB Pepe Vázquez 0-0: Called Strike
0-1: Called Strike
0-2: Foul Ball, location: 2F
0-2: Fly out, F7 (Flyball, 7LM)
Runner from 3rd tags up, SCORES, throw made
Pitching: RHP Jody Clemente
Batting: RHB Juan Carlos 0-0: DOUBLE (Groundball, 5L)
Ron Edwards scores
Dan Hooper to third
Batting: RHB Greg King 0-0: Ball
1-0: Called Strike
1-1: Ball
2-1: Foul Ball, location: 2F
2-2: Ball
3-2: Strikes out swinging
Batting: RHB Dave Parker 0-0: Ball
1-0: Foul Ball, location: 2F
1-1: Foul Ball, location: 2F
1-2: Ball
2-2: Ball
3-2: Fly out, F7 (Line Drive, 7M)
Bottom of the 6th over - 3 run(s), 3 hit(s), 0 error(s), 2 left on base; Chula Vista 1 - Jasper 6
TOP OF THE 7TH
Chula Vista Tacos batting - Pitching for Jasper Cougars : RHP Brad White
Batting: RHB Luis Martínez 0-0: Called Strike
0-1: Foul Ball, location: 2F
0-2: Ball
1-2: Strikes out swinging
Batting: RHB Tim Davis 0-0: Called Strike
0-1: Fly out, F5 (Popup, 25F)
Batting: RHB Jorge Collazo 0-0: Ball
1-0: Ball
2-0: Ball
3-0: Called Strike
3-1: SINGLE (Line Drive, 4MD)
Batting: RHB Doug Brown 0-0: Called Strike
Jorge Collazo steals 2nd base
0-1: Ball
1-1: Ground out 5-3 (Groundball, 56)
Top of the 7th over - 0 run(s), 1 hit(s), 0 error(s), 1 left on base; Chula Vista 1 - Jasper 6
BOTTOM OF THE 7TH
Jasper Cougars batting - Pitching for Chula Vista Tacos : RHP Jody Clemente
Batting: RHB Manuel Pérez 0-0: Ball
1-0: SINGLE (Line Drive, 7S)
Batting: RHB Earl Wiggins 0-0: Fly out, F9 (Flyball, 9M)
Batting: RHB Jesús Hernández 0-0: Hit by Pitch
Manuel Pérez to second
Batting: SHB Ron Edwards 0-0: Foul Ball, location: 2F
0-1: Ball
1-1: Ball
2-1: Foul Ball, location: 2F
2-2: Strikes out looking
Batting: RHB Dan Hooper 0-0: Foul Ball, location: 2F
0-1: Ball
1-1: Called Strike
1-2: Ball
2-2: Ball
3-2: DOUBLE (Groundball, 3D)
Manuel Pérez scores
Jesús Hernández to third
Jesús Hernández scores
Batting: LHB Pepe Vázquez 0-0: Ball
1-0: Foul Ball, location: 2F
1-1: Ball
2-1: Ground out 4-3 (Groundball, 4)
Bottom of the 7th over - 2 run(s), 2 hit(s), 0 error(s), 1 left on base; Chula Vista 1 - Jasper 8
TOP OF THE 8TH
Chula Vista Tacos batting - Pitching for Jasper Cougars : RHP Brad White
Batting: LHB Mario Olivares 0-0: Fly out, F8 (Flyball, 8LXD)
Pitching: RHP José Orozco
Batting: RHB Scott Green 0-0: Ball
1-0: Foul Ball, location: 2F
1-1: TRIPLE (Flyball, 89D)
Batting: SHB Adrián Nieto 0-0: Fly out, F7 (Flyball, 7LM)
Runner from 3rd tags up, SCORES, no throw
Batting: SHB Brian Price 0-0: Ball
1-0: Foul Ball, location: 2F
1-1: Swinging Strike
1-2: Ball
2-2: Ball
3-2: Strikes out swinging
Top of the 8th over - 1 run(s), 1 hit(s), 0 error(s), 0 left on base; Chula Vista 2 - Jasper 8
BOTTOM OF THE 8TH
Jasper Cougars batting - Pitching for Chula Vista Tacos : RHP Jody Clemente
Batting: RHB Juan Carlos 0-0: Ball
1-0: Ball
2-0: Ball
3-0: Called Strike
3-1: SINGLE (Line Drive, 8LS)
Batting: RHB Greg King 0-0: Sac Bunt - play at first, batter OUT! 1-3
Juan Carlos to second
Pitching: LHP Jerry Green
Batting: RHB Dave Parker 0-0: Ball
1-0: Called Strike
1-1: Foul Ball, location: 2F
1-2: Ball
2-2: Strikes out swinging
Batting: RHB Manuel Pérez 0-0: Ball
1-0: Ball
2-0: Ball
3-0: Base on Balls
Batting: RHB Earl Wiggins 0-0: SINGLE (Flyball, 9LS)
Juan Carlos to third
Manuel Pérez to second
Runner from 3rd tries for Home, SAFE, no throw or cutoff
Batting: RHB Jesús Hernández 0-0: Ball
1-0: Foul Ball, location: 2F
1-1: Ball
2-1: Swinging Strike
2-2: Foul Ball, location: 2F
2-2: SINGLE (Line Drive, 6MD)
Manuel Pérez to third
Earl Wiggins to second
Runner from 3rd tries for Home, SAFE, no throw or cutoff
Pinch Hitting: LHB Enrique Valentín 0-0: SINGLE (Line Drive, 34)
Earl Wiggins to third
Jesús Hernández to second
Batting: RHB Dan Hooper 0-0: Ball
1-0: Swinging Strike
1-1: Ball
2-1: Called Strike
2-2: Ball
3-2: Strikes out swinging
Bottom of the 8th over - 2 run(s), 4 hit(s), 0 error(s), 3 left on base; Chula Vista 2 - Jasper 10
TOP OF THE 9TH
Chula Vista Tacos batting - Pitching for Jasper Cougars : RHP José Orozco
Now at 1B: Enrique Valentín
Batting: RHB John Nelson 0-0: Called Strike
0-1: Foul Ball, location: 2F
0-2: Strikes out looking
Batting: RHB Luis Martínez 0-0: Ball
1-0: Ground out 5-3 (Groundball, 56S)
Batting: RHB Tim Davis 0-0: Ball
1-0: Called Strike
1-1: Called Strike
1-2: Ball
2-2: Foul Ball, location: 2F
2-2: Strikes out swinging
Top of the 9th over - 0 run(s), 0 hit(s), 0 error(s), 0 left on base; Chula Vista 2 - Jasper 10
This league is powered by Out of the Park Baseball, the baseball management simulation game for PC, Mac and Linux
Wednesday, December 2nd, 2015 - OOTP Baseball 16.8 Build 38